 Dungeon Sprint DCSS version 0.30.1-4-g462c640d31 (webtiles) character file.

Game seed: 11788554857553736240

4321 Heoruswealwe the Severer (level 10, -1/101 HPs)
             Began as a Hill Orc Fighter on Aug 24, 2023.
             Was an Elder of the Shining One.
             Splashed by a jelly's acid (6 damage)
             ... in the Dungeon (Sprint I: "Red Sonja").
             The game lasted 00:10:09 (1495 turns).

Heoruswealwe the Severer (Hill Orc Fighter)         Turns: 1495, Time: 00:10:10

Health: -1/101     AC: -10   Str: 24    XL:     10   Next: 33%
Magic:  20/20      EV:  9    Int:  8    God:    the Shining One [****..]
Gold:   825        SH:  4    Dex: 10    Spells: 9/9 levels left

rFire   . . .        a - +0 war axe
rCold   . . .        d - +0 buckler
rNeg    + + .        c - +0 scale mail
rPois   .            (no helmet)
rElec   .            (no cloak)
rCorr   .            (no gloves)
SInv    .            (no boots)
Will    .....        (no amulet) Stlth
                     (no ring)
HPRegen 0.36/turn    (no ring)
MPRegen 0.17/turn

%: no teleportation
@: corroded, glowing
A: no striking features
a: Renounce Religion, Divine Shield, Cleansing Flame


You were in the Dungeon.
You worshipped the Shining One.
The Shining One was greatly pleased with you.
You visited 1 branch You collected 825 gold pieces.

Inventory:

Hand Weapons
 a - a +0 war axe (weapon)
 b - a +0 longbow
Armour
 c - a +0 scale mail (worn)
 d - a +0 buckler (worn)
Wands
 k - a wand of digging (5)
Scrolls
 f - 2 scrolls of identify {unknown}


   Skills:
 + Level 13.3 Fighting
 * Level 19.3 Axes
 + Level 12.3 Armour
 - Level 3.2 Shields
 + Level 13.9 Invocations


You had 9 spell levels left.
You didn't know any spells.
Your spell library contained the following spells:

 Spells                   Type           Power      Damage    Failure   Level
 Vhi's Electric Charge    Tloc/Air       0%         N/A       97%         3
 Arcjolt                  Conj/Air       0%         1d10      100%        5
 Maxwell's Capacitive Co  Air            0%         ∞         100%        8


Dungeon Overview and Level Annotations

Branches:
Dungeon (1/1)

Altars:
Cheibriados
Dithmenos
Elyvilon
Fedhas
Gozag
Hepliaklqana
Kikubaaqudgha
Makhleb
Nemelex Xobeh
Okawaru
Qazlal
Ru
Sif Muna
Trog
Uskayaw
Vehumet
Wu Jian
Xom
Yredelemnul
Zin
The Shining One
Jiyva
Lugonu

Shops:
D [[


Message History

Found a worn lead wand and 298 gold pieces.
The jelly attacks as you move away! The jelly closely misses you.
The jelly attacks as you move away! The jelly hits you but does no damage.
You slash the jelly! The acid corrodes you!
Your hands burn!
The jelly is heavily wounded.
The jelly hits you.
You are splashed with acid!
You hit the jelly.
Your hands burn!
The jelly is severely wounded.
You slash the jelly!
Your hands burn!
You slice the jelly!!
You kill the jelly!
You hit the jelly. The acid corrodes you!
Your hands burn!
The jelly hits you. The acid corrodes you!
You are splashed with acid!
You hit the jelly but do no damage.
Your hands burn!
The jelly is severely wounded.
The jelly hits you. The acid corrodes you!
You are splashed with acid!
You hit the jelly but do no damage. The acid corrodes you!
Your hands burn!
You hit the jelly but do no damage.
Your hands burn!
The jelly hits you. The acid corrodes you!
You are splashed with acid!
The jelly hits you.
You are splashed with acid.
* * * LOW HITPOINT WARNING * * *
You feel better. The jelly hits you.
You are splashed with acid!
* * * LOW HITPOINT WARNING * * *
The jelly hits you.
* * * LOW HITPOINT WARNING * * *
You are splashed with acid!
* * * LOW HITPOINT WARNING * * *
You slash the jelly!
Your hands burn!
* * * LOW HITPOINT WARNING * * *
The jelly is almost dead.
You hit the jelly.
Your hands burn!
* * * LOW HITPOINT WARNING * * *
The jelly hits you.
* * * LOW HITPOINT WARNING * * *
You are splashed with acid!
The Shining One protects you from harm! The jelly hits you.
* * * LOW HITPOINT WARNING * * *
You are splashed with acid.
You die...

__##'#_.+~§§§§+..#
...'..._#~§~.÷#..#
__##_.#'##+#####'###
__###+#.#....###.+.#
### ####'###)###.#
+.....'.∩##§#
###########§#
#....nJJ##.#
#...JJnJ@+.#
#'''######§# #...
#.# #nJ. +.# /n...
### $..... .......
##..~~~


You could see 2 necrophages and 5 jellies.

Vanquished Creatures
  2 centaur warriors (D)
  A deep troll (D)
  An oklob plant (D)
  2 unseen horrors (D)
  2 kobold demonologists (D)
  A hornet (D)
  A slime creature (D)
  Sigmund (D)
  A yak (D)
  2 redbacks (D)
  A floating eye (D)
  An ogre (D)
  2 jellies (D)
  Ijyb (D)
19 creatures vanquished.

Notes
Turn   | Place    | Note
-------+----------+-------------------------------------------
     0 | D        | Heoruswealwe the Hill Orc Fighter began the quest for the
                  | Orb.
     0 | D        | Reached XP level 1. HP: 19/19 MP: 1/1
     1 | D        | Noticed Ijyb
    23 | D        | Killed Ijyb
    24 | D        | Reached skill level 5 in Axes
    24 | D        | Reached XP level 2. HP: 12/28 MP: 1/4
    24 | D        | Reached XP level 3. HP: 15/34 MP: 1/5
   101 | D        | Noticed an ogre
   107 | D        | Killed an ogre
   108 | D        | Reached skill level 8 in Axes
   108 | D        | Reached skill level 5 in Armour
   108 | D        | Reached skill level 5 in Invocations
   108 | D        | Reached XP level 4. HP: 36/44 MP: 5/7
   135 | D        | Noticed Sigmund
   178 | D        | Killed Sigmund
   179 | D        | Reached skill level 10 in Axes
   179 | D        | Reached XP level 5. HP: 7/52 MP: 7/10
   179 | D        | Reached XP level 6. HP: 8/60 MP: 7/11
   351 | D        | Found an ornate altar of the Wu Jian Council.
   351 | D        | Found a shimmering blue altar of Sif Muna.
   353 | D        | Found a radiant altar of Vehumet.
   382 | D        | Found Arixyt's Armour Emporium.
   382 | D        | Found an ancient bone altar of Kikubaaqudgha.
   382 | D        | Found a hazy altar of Hepliaklqana.
   382 | D        | Found a stormy altar of Qazlal.
   382 | D        | Found a hide-covered altar of Uskayaw.
   382 | D        | Found a blossoming altar of Fedhas.
   382 | D        | Found a bloodstained altar of Trog.
   382 | D        | Found an iron altar of Okawaru.
   382 | D        | Found a basalt altar of Yredelemnul.
   382 | D        | Found a glowing golden altar of the Shining One.
   382 | D        | Found a snail-covered altar of Cheibriados.
   382 | D        | Found a sacrificial altar of Ru.
   382 | D        | Found a glowing silver altar of Zin.
   382 | D        | Found a shadowy altar of Dithmenos.
   382 | D        | Found a white marble altar of Elyvilon.
   382 | D        | Noticed a yak
   390 | D        | Killed a yak
   391 | D        | Reached skill level 12 in Axes
   391 | D        | Found an opulent altar of Gozag.
   392 | D        | Found a sparkling altar of Nemelex Xobeh.
   398 | D        | Became a worshipper of the Shining One
   534 | D        | Found a burning altar of Makhleb.
   534 | D        | Found a viscous altar of Jiyva.
   534 | D        | Found a shimmering altar of Xom.
   534 | D        | Found a corrupted altar of Lugonu.
   534 | D        | Noticed a slime creature
   542 | D        | Killed a slime creature
   543 | D        | Reached XP level 7. HP: 51/70 MP: 13/13
   606 | D        | Noticed a kobold demonologist
   606 | D        | Reached * piety under the Shining One
   606 | D        | Noticed a kobold demonologist
   607 | D        | Paralysed by a floating eye for 4 turns
   609 | D        | Noticed a hellwing
   614 | D        | Reached skill level 13 in Axes
   614 | D        | Noticed an ice devil
   616 | D        | Noticed a smoke demon
   618 | D        | Killed a kobold demonologist
   618 | D        | Reached ** piety under the Shining One
   619 | D        | Reached skill level 10 in Fighting
   619 | D        | Reached skill level 14 in Axes
   619 | D        | Reached skill level 10 in Invocations
   619 | D        | Reached XP level 8. HP: 77/79 MP: 15/15
   620 | D        | Killed a kobold demonologist
   635 | D        | Noticed a centaur warrior
   637 | D        | Noticed a centaur warrior
   642 | D        | Killed a centaur warrior
   643 | D        | Reached skill level 16 in Axes
   643 | D        | Reached skill level 10 in Armour
   643 | D        | Reached XP level 9. HP: 28/89 MP: 15/17
   645 | D        | HP: 4/89 [centaur warrior (3)]
   646 | D        | Killed a centaur warrior
   647 | D        | Reached skill level 17 in Axes
   898 | D        | Noticed a deep troll
   905 | D        | Killed a deep troll
   917 | D        | Found Cozamula's Armour Emporium.
  1043 | D        | Noticed a hornet
  1043 | D        | Reached *** piety under the Shining One
  1049 | D        | Killed a hornet
  1050 | D        | Reached skill level 18 in Axes
  1064 | D        | Noticed an oklob plant
  1070 | D        | Killed an oklob plant
  1071 | D        | Reached XP level 10. HP: 51/100 MP: 19/19
  1403 | D        | Noticed an unseen horror
  1404 | D        | Noticed an unseen horror
  1411 | D        | Killed an unseen horror
  1412 | D        | Reached skill level 19 in Axes
  1415 | D        | Killed an unseen horror
  1484 | D        | Reached **** piety under the Shining One
  1495 | D        | The Shining One protects you from harm!
  1495 | D        | HP: 5/101 [jelly (3)]
  1495 | D        | Splashed by a jelly's acid

Illustrated notes

Levels and vault maps discovered:
D:        dungeon_sprint_1 [red_sonja_temple_1, red_sonja_temple_small_1]

Skill      XL: |  1  2  3  4  5  6  7  8  9 10 |
---------------+-------------------------------+-----
Fighting       | 4 6 7 9 10 11 12 13 | 13.3
Axes           | 5 8 10 12 14 16 18 19 | 19.3
Armour         | 4 5 6 8 9 10 11 12 | 12.3
Invocations    | 3 5 7 8 10 11 13 | 13.9
Shields        | |  3.2

Action                     |  1- 3 |  4- 6 |  7- 9 | 10-12 || total
---------------------------+-------+-------+-------+-------++-------
  Melee: War axe           |    26 |    50 |    35 |    19 ||   130
  Evoke: Wand              |     1 |       |       |       ||     1
    Use: Potion            |       |     2 |     3 |     1 ||     6
         Scroll            |       |       |     1 |       ||     1
 Armour: Scale mail        |    10 |     8 |    27 |     6 ||    51
  Dodge: Dodged            |     7 |     5 |     9 |     6 ||    27
  Block: Buckler           |     7 |     5 |     8 |     2 ||    22
